 Dungeon Crawl Stone Soup version 0.26.1-11-gd32895ea62 (webtiles) character file.

Game seed: 8974178227991531044

130 nomophobia the Bolt Thrower (level 5, -1/31 HPs)
             Began as a Kobold Hunter on May 17, 2021.
             Was an Initiate of Dithmenos.
             Slain by a worm (11 damage)
             ... on level 3 of the Dungeon on May 18, 2021.
             The game lasted 00:43:06 (3947 turns).

nomophobia the Bolt Thrower (Kobold Hunter)         Turns: 3947, Time: 00:43:07

Health: -1/31      AC:  5    Str:  9    XL:     5   Next: 36%
Magic:  5/5        EV: 15    Int: 12    God:    Dithmenos [......]
Gold:   134        SH:  0    Dex: 17    Spells: 4/4 levels left

rFire    . . .     SeeInvis .   b - +0 short sword
rCold    . . .     Faith    .   (shield restricted)
rNeg     . . .     Spirit   .   c - +0 leather armour
rPois    .         Reflect  .   j - +1 hat
rElec    .         Harm     .   (no cloak)
rCorr    .         Rampage  .   e - +0 pair of gloves
Will     .....                  (no boots)
Stlth    ++++......             (no amulet)
HPRegen  0.10/turn              (no ring)
MPRegen  0.09/turn              (no ring)

@: no status effects
A: small, nightstalker 3
a: Renounce Religion


You were on level 3 of the Dungeon.
You worshipped Dithmenos.
Dithmenos was noncommittal.
You visited 1 branch of the dungeon, and saw 3 of its levels.

You collected 134 gold pieces.

Inventory:

Hand Weapons
 a - a +2 hand crossbow
 b - a +0 short sword (weapon)
Missiles
 d - 11 bolts
Armour
 c - a +0 leather armour (worn)
 e - a +0 pair of gloves (worn)
 j - a +1 hat (worn)
Jewellery
 i - an uncursed ring of wizardry
Scrolls
 g - 3 scrolls of teleportation
 k - 2 scrolls of identify
 n - a scroll of remove curse
 p - a scroll of noise {unknown}
Potions
 f - a potion of resistance
 h - a potion of mutation
 l - a potion of berserk rage {unknown}
 m - a potion of flight {unknown}
 o - a potion of ambrosia {unknown}


   Skills:
 + Level 2.3 Fighting
 * Level 3.6 Short Blades
 - Level 5.0 Crossbows
 + Level 3.4 Dodging
 + Level 4.1 Stealth


You had 4 spell levels left.
You didn't know any spells.
Your spell library was empty.

Dungeon Overview and Level Annotations

Branches:
Dungeon (3/15)

Altars:
Ashenzari
Dithmenos
Sif Muna


Innate Abilities, Weirdness & Mutations

You are small and have problems with some larger weapons.
You are completely attuned to the shadows.


Message History

You are no longer poisoned.
You start resting.
A worm is nearby!
You see here a poisoned dart.
You hit the worm.
The worm is moderately wounded.
You barely miss the worm.
The worm is moderately wounded.
The worm closely misses you.
You barely miss the worm.
The worm is lightly wounded.
You hit the worm.
The worm is moderately wounded.
The worm bites you!
You hit the worm.
The worm is heavily wounded.
You hit the worm.
The worm is almost dead.
The worm bites you!
You die...

..###....######### *,,,,,,,,
#.######.........# *,,,,,,,,
#...# #########.# *,,,,,,,, ....#
#.## *..,,,,,, .<..########
#..#######...,,,,, #.#........#
##.#..>##.....,,,*
#..#.#####.######..............,*
##.#.# #.)..(####......♣.....,*
#...# #####..@w)............,*
##..# ######..(###......,, ##.#
#.......(.((.,, ###
######.K.K..(,, #.......,,
##......,, ##.....,, **,,,,,,
**,,,,,


You could see a worm.

Vanquished Creatures
  5 adders
  A worm (D:2)
  4 dart slugs
  5 leopard geckos
  5 orcs
  4 giant cockroaches
  7 goblins
  7 hobgoblins
  3 quokkas
  3 ball pythons
  5 bats
  2 frilled lizards
  8 kobolds
  5 rats
64 creatures vanquished.

Vanquished Creatures (others)
  4 plants (D:3)
4 creatures vanquished.

Grand Total: 68 creatures vanquished

Notes
Turn   | Place    | Note
-------+----------+-------------------------------------------
     0 | D:1      | nomophobia the Kobold Hunter began the quest for the Orb.
     0 | D:1      | Reached XP level 1. HP: 12/12 MP: 1/1
    78 | D:1      | Reached skill level 5 in Crossbows
   298 | D:1      | Reached XP level 2. HP: 17/17 MP: 2/2
   363 | D:1      | Reached skill level 1 in Short Blades
   683 | D:1      | Reached XP level 3. HP: 22/22 MP: 3/3
  1106 | D:2      | Found a broken altar of Ashenzari.
  1211 | D:2      | Found a shadowy altar of Dithmenos.
  1217 | D:2      | Became a worshipper of Dithmenos the Shadowed
  1608 | D:2      | Reached XP level 4. HP: 24/27 MP: 4/4
  2777 | D:2      | Reached XP level 5. HP: 7/31 MP: 5/5
  3638 | D:3      | Found a shimmering blue altar of Sif Muna.
  3947 | D:3      | Slain by a worm

Illustrated notes

Levels and vault maps discovered:
D:1:      psy_arrival_heroes, layout_loops_ring, chequers_garden
D:2:      layout_basic, ashenzari_conservatory_becter,
          grunt_dithmenos_smoke_and_mirrors, nicolae_overflow_hidden_temple,
          mrwooster_statue_mirror, grunt_ministairs_15
D:3:      layout_rooms, kennysheep_decorative_pillar, kennysheep_cluttered_room,
          serial_bayou_pond_a, led_sif_pool, uniq_jessica

Skill      XL: |  1  2  3  4  5 |
---------------+----------------+-----
Crossbows      | 5 |  5.0
Short Blades   | 1 2 3 |  3.6
Stealth        | 2 3 4 |  4.1
Dodging        | 3 |  3.4
Fighting       | |  2.3

Action                   |  1- 3 |  4- 6 || total
-------------------------+-------+-------++-------
Melee: Short sword       |    71 |   132 ||   203
 Fire: Hand crossbow     |    24 |    19 ||    43
  Use: Scroll            |     7 |     5 ||    12
       Potion            |       |     1 ||     1
 Stab: Sleeping          |    16 |     2 ||    18
Armor: Leather armour    |     6 |    21 ||    27
Dodge: Dodged            |    47 |    83 ||   130
